 Dungeon Crawl Stone Soup version 0.28-a0-1555-g9ae15a6949 (webtiles) character file.

Game seed: 9219016319835795301

7 HallandMoats the Skirmisher (level 2, -1/26 HPs)
             Began as a Ghoul Monk on Jan 19, 2022.
             Was a Believer of Fedhas.
             Killed from afar by a dart slug (6 damage)
             ... with a slug dart
             ... on level 1 of the Dungeon.
             The game lasted 00:00:22 (324 turns).

HallandMoats the Skirmisher (Ghoul Monk)             Turns: 324, Time: 00:00:23

Health: -1/26      AC:  2    Str: 14    XL:     2   Next: 0%
Magic:  1/1        EV: 12    Int:  5    God:    Fedhas [**....]
Gold:   5          SH:  0    Dex: 11    Spells: 1/1 levels left

rFire   . . .      SeeInvis .   a - +0 hand axe
rCold   + . .      Faith    .   (no shield)
rNeg    + + +      Spirit   .   b - +0 robe
rPois   ∞          Reflect  .   (no helmet)
rElec   .          Harm     .   (no cloak)
rCorr   .          Rampage  .   (no gloves)
Will    .....                   (no boots)
Stlth   ++........              (no amulet)
HPRegen 0.00/turn               (no ring)
MPRegen 0.07/turn               (no ring)

@: inhibited regen
A: claws 1, cold resistance 1, negative energy resistance 3, inhibited
regeneration, torment resistance 2
a: Renounce Religion, Wall of Briars


You were on level 1 of the Dungeon.
You worshipped Fedhas.
Fedhas was pleased with you.
You visited 1 branch of the dungeon, and saw 1 of its levels.

You collected 5 gold pieces.

Inventory:

Hand Weapons
 a - a +0 hand axe (weapon)
Armour
 b - a +0 robe (worn)
Scrolls
 d - a scroll of brand weapon {unknown}
 e - a scroll of identify {unknown}
Potions
 c - 3 potions of mutation {unknown}
 f - a potion of degeneration {unknown}
 g - a potion of curing {unknown}


   Skills:
 + Level 3.4 Fighting
 * Level 2.9 Axes
 + Level 0.3 Armour
 + Level 2.8 Dodging
 - Level 2.1 Stealth


You had one spell level left.
You didn't know any spells.
Your spell library was empty.

Dungeon Overview and Level Annotations

Branches:
Dungeon (1/15)

Altars:
Fedhas


Innate Abilities, Weirdness & Mutations

You thrive by killing the living.
You are immune to poison.
You have sharp fingernails.
Your flesh is cold resistant. (rC+)
You are immune to negative energy. (rN+++)
You do not regenerate when monsters are visible.
You are immune to unholy pain and torment.


Message History

The endoplasm is severely wounded.
You hit the hobgoblin but do no damage.
The endoplasm hits you but does no damage.
The hobgoblin barely misses you.
You hit the endoplasm but do no damage.
The endoplasm is severely wounded.
You hit the hobgoblin. The endoplasm freezes you.
You are frozen.
You resist. The hobgoblin closely misses you.
You hit the endoplasm.
You kill the endoplasm!
Fedhas accepts your kill.
You feel better.
You closely miss the hobgoblin. The hobgoblin misses you.
You hit the dart slug.
The dart slug is heavily wounded.
You hit the hobgoblin. The hobgoblin barely misses you.
The dart slug launches a dart at you. The slug dart misses you.
You hit the hobgoblin.
You kill the hobgoblin!
Fedhas appreciates your contribution to the ecosystem.
You hit the dart slug.
You have reached level 2!
The dart slug misses you. The dart slug launches a dart at you.
The slug dart hits you. The dart slug bites you.
The dart slug bites you but does no damage.
The dart slug barely misses you. The dart slug launches a dart at you.
The slug dart misses you. The dart slug launches a dart at you.
The slug dart hits you. The dart slug barely misses you.
The dart slug bites you.
* * * LOW HITPOINT WARNING * * *
The dart slug launches a dart at you. The slug dart hits you.
You die...
Fedhas appreciates your contribution to the ecosystem.

#.# #.# ##.## #.#
###..
####.#.######.#
#....
....###.......# ....
#
####.#.######.###...
.# ##.## #.#.... ..
#.# #.#.#.#.#.#
#.#######.#.#w....#
#...........@...#
#########...#####
#.### #.# #.# #.#
#.# #.#


You could see a dart slug.

Vanquished Creatures
  2 endoplasms (D:1)
  2 hobgoblins (D:1)
  A frilled lizard (D:1)
  A kobold (D:1)
6 creatures vanquished.

Notes
Turn   | Place    | Note
-------+----------+-------------------------------------------
     0 | D:1      | HallandMoats the Ghoul Monk began the quest for the Orb.
     0 | D:1      | Reached XP level 1. HP: 19/19 MP: 0/0
   248 | D:1      | Found a faded altar of an unknown god.
   259 | D:1      | Prayed at the altar of an unknown god.
   259 | D:1      | Became a worshipper of Fedhas Madash
   259 | D:1      | Reached * piety under Fedhas
   259 | D:1      | Reached ** piety under Fedhas
   311 | D:1      | Reached XP level 2. HP: 17/26 MP: 1/1
   324 | D:1      | Killed from afar by a dart slug

Illustrated notes

Levels and vault maps discovered:
D:1:      minmay_arrival_wavy_path, layout_loops_ring,
          ebering_ecumenical_altar_hall, bh_walls_and_bars

Action                   || total
-------------------------++-------
Melee: Hand axe          ||    17
 Stab: Sleeping          ||     2
Armor: Robe              ||     2
Dodge: Dodged            ||    15

Table legend: (Time is in decaauts)
 A = Elapsed time spent in this place.
 B = Non-inter-level travel time spent in this place.
 C = Inter-level travel time spent in this place.
 D = Time resting spent in this place.
 E = Time spent auto-exploring this place.
 F = Levels seen in this place.
 G = Mean time per level.
                   A        B        C        D        E       F      G
               +--------+--------+--------+--------+--------+-----+--------+
         Total |    326 |    326 |      0 |      0 |    253 |   1 |  326.0 |
       Dungeon |    326 |    326 |      0 |      0 |    253 |   1 |  326.0 |
               +--------+--------+--------+--------+--------+-----+--------+

Top non-repeatable levels by time:
     D:1: 326 daAuts
